 Dungeon Crawl Stone Soup version 0.28-a0-984-g3775c662fe (webtiles) character file.

Game seed: 9284542047527776726

39 fragbeetle the Grasshopper (level 3, -1/31 HPs)
             Began as a Gnoll Warper on Dec 3, 2021.
             Succumbed to an adder's poison
             ... on level 2 of the Dungeon.
             The game lasted 00:04:04 (1182 turns).

fragbeetle the Grasshopper (Gnoll Warper)           Turns: 1182, Time: 00:04:05

Health: -1/31      AC:  4    Str: 12    XL:     3   Next: 45%
Magic:  9/9        EV: 12    Int: 12    God:
Gold:   41         SH:  0    Dex: 11    Spells: 9/12 levels left

rFire   . . .      SeeInvis .   a - +0 mace
rCold   . . .      Faith    .   (no shield)
rNeg    . . .      Spirit   .   b - +0 leather armour
rPois   .          Reflect  .   (no helmet)
rElec   .          Harm     .   (no cloak)
rCorr   .          Rampage  .   f - +0 pair of gloves
Will    .....                   (no boots)
Stlth   +.........              (no amulet)
HPRegen 0.10/turn               (no ring)
MPRegen 0.11/turn               (no ring)

@: lethally poisoned (-1 -> -4)
A: fangs 1, strong nose, distributed training
a: no special abilities


You were on level 2 of the Dungeon.
You visited 1 branch of the dungeon, and saw 3 of its levels.

You collected 41 gold pieces.

Inventory:

Hand Weapons
 a - a +0 mace (weapon)
Missiles
 d - 5 boomerangs of dispersal (quivered)
 i - 38 poisoned darts
Armour
 b - a +0 leather armour (worn)
 f - a +0 pair of gloves (worn)
 h - a +0 chain mail
Scrolls
 c - a scroll of blinking
 e - a scroll of fog {unknown}
 g - a scroll of identify {unknown}


   Skills:
 + Level 4.5 Fighting
 + Level 0.8 Short Blades
 + Level 0.8 Long Blades
 + Level 0.8 Axes
 + Level 4.5 Maces & Flails
 + Level 0.8 Polearms
 + Level 0.8 Staves
 + Level 0.8 Slings
 + Level 0.8 Bows
 + Level 0.8 Crossbows
 + Level 2.6 Throwing
 + Level 2.6 Armour
 + Level 4.5 Dodging
 + Level 0.8 Stealth
 + Level 0.8 Shields
 + Level 0.8 Unarmed Combat
 + Level 5.0 Spellcasting
 + Level 0.5 Conjurations
 + Level 0.5 Hexes
 + Level 0.5 Summonings
 + Level 0.5 Necromancy
 + Level 5.4 Translocations
 + Level 0.5 Transmutations
 + Level 0.5 Fire Magic
 + Level 0.5 Ice Magic
 + Level 0.5 Air Magic
 + Level 0.5 Earth Magic
 + Level 0.5 Poison Magic
 + Level 1.0 Invocations
 + Level 0.8 Evocations


You had 9 spell levels left.
You knew the following spells:

 Your Spells              Type           Power      Damage    Failure   Level
a - Blink                 Tloc           32%        N/A       4%          2
b - Slow                  Hex            16%        N/A       21%         1

Your spell library contained the following spells:

 Spells                   Type           Power      Damage    Failure   Level
 Gell's Gravitas          Tloc           16%        N/A       9%          3
 Lesser Beckoning         Tloc           16%        N/A       9%          3
 Teleport Other           Tloc           16%        N/A       9%          3
 Confusing Touch          Hex            4%         N/A       52%         3
 Manifold Assault         Tloc           16%        N/A       58%         5
 Yara's Violent Unravell  Hex/Tmut       2%         3d3       99%         5


Dungeon Overview and Level Annotations

Branches:
Dungeon (3/15)

Altars:


Innate Abilities, Weirdness & Mutations

You have very sharp teeth.
Your uncanny sense of smell can sniff out nearby items.
Your experience applies equally to all skills.


Message History

The adder is moderately wounded.
The adder barely misses you.
The ball python bites you but does no damage.
The ball python constricts you. The adder bites you but does no damage.
You miss the adder.
The adder is moderately wounded.
The ball python closely misses you. The ball python constricts you.
The adder bites you but does no damage. The ball python bites you.
The ball python constricts you.
You hit the ball python.
The ball python is moderately wounded.
The adder bites you. The ball python bites you. The ball python constricts you.
The adder bites you.
You are poisoned.
The adder poisons you!
You hit the ball python.
You kill the ball python!
You feel sick. The adder closely misses you.
You closely miss the adder.
The adder is lightly wounded.
You feel sick. The adder bites you. x2
You are more poisoned.
The adder poisons you!
You closely miss the adder.
You feel sick. The adder misses you.
You hit the adder but do no damage.
You feel very sick. The adder bites you.
* * * LOW HITPOINT WARNING * * *
The adder bites you but does no damage.
You closely miss the adder.
You feel sick. The adder barely misses you.
You closely miss the adder.
You feel sick. The adder bites you.
* * * LOW HITPOINT WARNING * * *
The adder closely misses you.
You sock the adder!
The adder is severely wounded.
* * * LOW HITPOINT WARNING * * *
You feel sick. The adder bites you but does no damage.
You hit the adder.
You kill the adder!
You die...

### #.( #.# #.# #. #.# #
##.#############.#.#####
#...<...>....@..†.......
#..#.##.......†.........
#. #..#.########.#......
# ##.#.# #.######.
#..#.# #.# #....# #.#
#....# #.# #.#..# .#.#
.# #....# .. #.#


There were no monsters in sight!

Vanquished Creatures
  2 adders (D:2)
  3 endoplasms (D:1)
  3 hobgoblins (D:1)
  2 jackals (D:1)
  A quokka (D:1)
  4 ball pythons
  4 bats (D:1)
  3 frilled lizards (D:1)
  3 goblins
  A kobold (D:1)
  4 rats
30 creatures vanquished.

Notes
Turn   | Place    | Note
-------+----------+-------------------------------------------
     0 | D:1      | fragbeetle the Gnoll Warper began the quest for the Orb.
     0 | D:1      | Reached XP level 1. HP: 20/20 MP: 6/6
   197 | D:1      | Reached XP level 2. HP: 22/26 MP: 7/7
   206 | D:1      | Learned a level 2 spell: Blink
   210 | D:1      | Learned a level 1 spell: Slow
   567 | D:1      | Found a faded altar of an unknown god.
   747 | D:1      | Reached XP level 3. HP: 28/31 MP: 9/9
  1026 | D:1      | Reached skill level 5 in Spellcasting
  1168 | D:2      | Reached skill level 1 in Invocations
  1180 | D:2      | HP: 1/31 [adder (4)]
  1182 | D:2      | Succumbed to an adder's poison

Illustrated notes

Levels and vault maps discovered:
D:1:      amcnicky_arrival_single_pillar, layout_rooms,
          hellmonk_ecumenical_altar_pennies_from_heaven
D:2:      cheibrodos_old_hovel, layout_basic, item_on_display_a
D:3:      layout_rooms, general_overflow_altar,
          nicolae_hepliaklqana_hazy_memory, uniq_terence, uniq_robin

Skill      XL: |  1  2  3 |
---------------+----------+-----
Spellcasting   | 5 |  5.0
Invocations    | 1 |  1.0
Fighting       | |  4.5
Short Blades   | |  0.8
Long Blades    | |  0.8
Axes           | |  0.8
Maces & Flails | |  4.5
Polearms       | |  0.8
Staves         | |  0.8
Slings         | |  0.8
Bows           | |  0.8
Crossbows      | |  0.8
Throwing       | |  2.6
Armour         | |  2.6
Dodging        | |  4.5
Stealth        | |  0.8
Shields        | |  0.8
Unarmed Combat | |  0.8
Conjurations   | |  0.5
Hexes          | |  0.5
Summonings     | |  0.5
Necromancy     | |  0.5
Translocations | |  5.4
Transmutations | |  0.5
Fire Magic     | |  0.5
Ice Magic      | |  0.5
Air Magic      | |  0.5
Earth Magic    | |  0.5
Poison Magic   | |  0.5
Evocations     | |  0.8

Action                   || total
-------------------------++-------
Melee: Mace              ||   113
       Bite              ||     7
 Cast: Slow              ||    16
       Blink             ||     1
Armor: Leather armour    ||    44
Dodge: Dodged            ||    86

Table legend: (Time is in decaauts)
 A = Elapsed time spent in this place.
 B = Non-inter-level travel time spent in this place.
 C = Inter-level travel time spent in this place.
 D = Time resting spent in this place.
 E = Time spent auto-exploring this place.
 F = Levels seen in this place.
 G = Mean time per level.
                   A        B        C        D        E       F      G
               +--------+--------+--------+--------+--------+-----+--------+
         Total |   1205 |   1205 |      0 |    356 |    412 |   3 |  401.7 |
       Dungeon |   1205 |   1205 |      0 |    356 |    412 |   3 |  401.7 |
               +--------+--------+--------+--------+--------+-----+--------+

Top non-repeatable levels by time:
     D:1: 1119 daAuts
     D:2: 84 daAuts
     D:3: 1 daAuts
